 Dungeon Crawl Stone Soup version 0.29-a0-393-g47a863cc1b (webtiles) character file.

Game seed: 14163781267947303589

19 ytrimaz the Skirmisher (level 2, 0/24 HPs)
             Began as a Demonspawn Fighter on May 9, 2022.
             Was an Initiate of Ashenzari.
             Frozen to death by an endoplasm (5 damage)
             ... on level 1 of the Dungeon.
             The game lasted 00:00:35 (348 turns).

ytrimaz the Skirmisher (Demonspawn Fighter)          Turns: 348, Time: 00:00:35

Health: 0/24       AC:  6    Str: 16    XL:     2   Next: 55%
Magic:  2/2        EV:  8    Int:  9    God:    Ashenzari [......]
Gold:   7          SH:  8    Dex: 12    Spells: 1/1 levels left

rFire   . . .      SeeInvis .   a - +0 trident
rCold   . . .      Faith    .   c - +0 buckler
rNeg    . . .      Spirit   .   b - +0 scale mail
rPois   .          Reflect  .   (no helmet)
rElec   .          Harm     .   (no cloak)
rCorr   .          Rampage  .   (no gloves)
Will    .....                   (no boots)
Stlth   ..........              (no amulet)
HPRegen 0.08/turn               (no ring)
MPRegen 0.08/turn               (no ring)

@: mighty
A: condensation shield
a: Renounce Religion, Curse Item


You were on level 1 of the Dungeon.
You worshipped Ashenzari.
Ashenzari was noncommittal.
You visited 1 branch of the dungeon, and saw 1 of its levels.

You collected 7 gold pieces.

Inventory:

Hand Weapons
 a - a +0 trident (weapon)
Armour
 b - a +0 scale mail (worn)
 c - a +0 buckler (worn)
Scrolls
 e - 3 scrolls of amnesia {unknown}
 f - a scroll of identify {unknown}


   Skills:
 + Level 3.3 Fighting
 + Level 1.8 Polearms
 + Level 3.0 Armour
 + Level 2.9 Shields


You had one spell level left.
You didn't know any spells.
Your spell library was empty.

Dungeon Overview and Level Annotations

Branches:
Dungeon (1/15)

Altars:
Ashenzari

Shops:
D:1 ?


Innate Abilities, Weirdness & Mutations

A meltable shield of frost defends you. (SH +4)


Message History

The endoplasm quivers.
A quokka comes into view.
You hit the ball python.
You kill the ball python!
A quokka comes into view.
You closely miss the hobgoblin. The hobgoblin barely misses you.
An endoplasm comes into view.
The hobgoblin closely misses you. The endoplasm barely misses you.
You puncture the endoplasm!
You kill the endoplasm!
A goblin comes into view. It is wielding a +0 club.
You block the hobgoblin's attack.
You hit the hobgoblin.
You kill the hobgoblin!
You reach to attack!
You hit the quokka but do no damage. The quokka closely misses you.
You closely miss the quokka. You block the quokka's attack.
The quokka bites you.
You closely miss the quokka. You block the quokka's attack.
The quokka bites you. The quokka misses you.
The endoplasm jiggles.
The quokka bites you.
You puncture the quokka!
You kill the quokka!
The quokka bites you.
You barely miss the endoplasm.
The quokka bites you but does no damage.
The endoplasm freezes you.
You are frozen.
The quokka bites you but does no damage.
Unknown command.
The endoplasm attacks as you move away! You block the endoplasm's attack.
The quokka bites you.
* * * LOW HITPOINT WARNING * * *
You block the endoplasm's attack.
There is an entrance to Vusaekhli's Magic Scroll Boutique here.
You feel very mighty all of a sudden. The endoplasm freezes you.
You are frozen.
You die...

####### #...... ##
#...... #. ##......
#. #.......
#.##.####### #.#.....
#....@Jr...# #.######
#####.##g...# #.#
...... #....+ #.#
......##..†.####.###
....................#
##
........†#.##########
.. ............. ..
........#.>.... ..
..........###.# #.


You could see an endoplasm, a quokka and a goblin.

Vanquished Creatures
  2 ball pythons (D:1)
  4 endoplasms (D:1)
  2 giant cockroaches (D:1)
  A hobgoblin (D:1)
  3 jackals (D:1)
  A kobold (D:1)
  A quokka (D:1)
  A bat (D:1)
15 creatures vanquished.

Notes
Turn   | Place    | Note
-------+----------+-------------------------------------------
     0 | D:1      | ytrimaz the Demonspawn Fighter began the quest for the Orb.
     0 | D:1      | Reached XP level 1. HP: 18/18 MP: 1/1
   101 | D:1      | Gained mutation: A meltable shield of frost defends you.
                  | (SH +4) [demonic ancestry]
   101 | D:1      | Reached XP level 2. HP: 24/24 MP: 2/2
   225 | D:1      | Found a faded altar of an unknown god.
   270 | D:1      | Prayed at the altar of an unknown god.
   270 | D:1      | Became a worshipper of Ashenzari the Shackled
   324 | D:1      | Found Vusaekhli's Magic Scroll Boutique.
   348 | D:1      | Frozen to death by an endoplasm

Illustrated notes

Levels and vault maps discovered:
D:1:      nicolae_arrival_washed_ashore, layout_basic, serial_shops, shop,
          hellmonk_ecumenical_altar_pennies_from_heaven

Skill      XL: |  1  2 |
---------------+-------+-----
Armour         | 3 |  3.0
Fighting       | |  3.3
Polearms       | |  1.8
Shields        | |  2.9

Action                   || total
-------------------------++-------
Melee: Trident           ||    34
  Use: Scroll            ||     1
       Potion            ||     1
Armor: Scale mail        ||     9
Dodge: Dodged            ||    12
Block: Buckler           ||     8

Table legend: (Time is in decaauts)
 A = Elapsed time spent in this place.
 B = Non-inter-level travel time spent in this place.
 C = Inter-level travel time spent in this place.
 D = Time resting spent in this place.
 E = Time spent auto-exploring this place.
 F = Levels seen in this place.
 G = Mean time per level.
                   A        B        C        D        E       F      G
               +--------+--------+--------+--------+--------+-----+--------+
         Total |    358 |    358 |      0 |    100 |    169 |   1 |  358.0 |
       Dungeon |    358 |    358 |      0 |    100 |    169 |   1 |  358.0 |
               +--------+--------+--------+--------+--------+-----+--------+

Top non-repeatable levels by time:
     D:1: 358 daAuts
